Map: Ulrena

Players

State

  • Race: Protoss Protoss
  • League: Grandmaster

llllllllllll - Winner!

  • Race: Zerg Zerg
  • League: Master

VOD

Have the link to the VOD?

Description

Time

  • Played on: Dec. 8, 2015, 9:34 p.m.
  • Length: 10:17
Show
View Real Time Build Order
Export as new Build Order

State Protoss 

Build Orders: Nexus First, Oracle Opening 

Get SALT Encoding   

  12  0:01  Probe (Chrono Boost)  
  13  0:12  Probe (Chrono Boost)  
  14  0:18  Pylon  
  14  0:22  Probe (Chrono Boost)  
  15  0:36  Probe (Chrono Boost)  
  16  0:46  Probe (Chrono Boost)  
  17  0:58  Nexus  
  17  1:09  Gateway  
  17  1:13  Probe (Chrono Boost)  
  18  1:21  Assimilator  
  18  1:24  Probe (Chrono Boost)  
  19  1:28  Assimilator  
  19  1:34  Probe (Chrono Boost)  
  20  1:44  Pylon  
  20  1:45  Probe (Chrono Boost)  
  21  1:55  Probe (Chrono Boost)  
  21  1:58  Cybernetics Core  
  22  2:06  Probe (Chrono Boost)  
  22  2:07  Zealot  
  25  2:11  Probe (Chrono Boost)  
  26  2:16  Probe (Chrono Boost)  
  26  2:22  Probe (Chrono Boost)  
  28  2:27  Probe (Chrono Boost)  
  29  2:32  Probe (Chrono Boost)  
  29  2:37  Probe (Chrono Boost), Stargate  
  30  2:40  Adept  
  30  2:41  Warp Gate  
  33  2:44  Probe (Chrono Boost)  
  33  2:48  Probe (Chrono Boost)  
  35  2:55  Probe (Chrono Boost)  
  36  2:58  Probe (Chrono Boost)  
  38  3:05  Probe (Chrono Boost)  
  38  3:07  Pylon  
  38  3:08  Adept  
  38  3:09  Probe (Chrono Boost)  
  41  3:16  Mothership Core (Chrono Boost)  
  41  3:19  Probe (Chrono Boost)  
  44  3:23  Assimilator  
  44  3:30  Probe (Chrono Boost)  
  43  3:34  Probe (Chrono Boost)  
  43  3:38  Oracle  
  43  3:41  Probe (Chrono Boost), Pylon  
  46  3:43  Pylon  
  46  3:45  Probe (Chrono Boost)  
  47  3:51  Probe (Chrono Boost)  
  47  3:52  Gateway  
  48  3:56  Probe (Chrono Boost)  
  48  4:00  Gateway  
  48  4:02  Probe (Chrono Boost)  
  50  4:06  Probe (Chrono Boost), Pylon  
  51  4:12  Probe (Chrono Boost)  
  51  4:17  Probe (Chrono Boost)  
  56  4:23  Probe (Chrono Boost)  
  57  4:26  Forge  
  57  4:28  Pylon  
  57  4:33  Probe x2 (Chrono Boost)  
  57  4:38  Void Ray  
  60  4:42  Assimilator  
  60  4:47  Twilight Council, Gateway  
  60  4:53  Protoss Ground Weapons Level 1 (Chrono Boost)  
  60  4:57  Pylon  
  60  5:07  Sentry x3  
  66  5:18  Probe  
  66  5:20  Probe  
  67  5:25  Resonating Glaives (Chrono Boost)  
  67  5:31  Probe  
  67  5:33  Probe  
  68  5:45  Void Ray  
  68  5:46  Nexus  
  68  5:49  Adept x3, Pylon  
  78  5:51  Pylon  
  78  5:53  Probe x2  
  78  5:57  Robotics Facility  
  80  5:58  Gateway  
  80  5:59  Pylon  
  80  6:11  Photon Cannon  
  80  6:13  Gateway  
  80  6:15  Gateway  
  80  6:16  Gateway  
  80  6:19  Probe x2  
  80  6:23  Adept x3  
  80  6:25  Adept  
  90  6:27  Photon Cannon  
  90  6:32  Pylon  
  90  6:34  Pylon  
  90  6:41  Probe  
  90  6:42  Probe  
  92  6:48  Protoss Ground Weapons Level 2  
  92  7:01  Adept x4  
  92  7:06  Warp Prism  
  102  7:12  Probe x2  
  104  7:16  Probe  
  104  7:19  Blink (Chrono Boost)  
  105  7:23  Stargate  
  105  7:25  Pylon  
  97  7:37  Adept  
  97  7:38  Adept x6  
  111  7:48  Robotics Bay  
  105  7:52  Robotics Facility  
  101  8:00  Stalker x2  
  101  8:01  Stalker x6  
  113  8:30  Adept  
  113  8:31  Adept x7  
  110  8:47  Immortal x2 (Chrono Boost)  
  102  8:53  Adept x7  
  87  9:03  Mothership Core  
  87  9:06  Stalker  
  74  9:20  Adept x2  
  74  9:21  Adept x2  
  77  9:40  Adept x4  
  77  9:44  Adept  
  79  10:00  Adept x2  
  79  10:02  Adept  
  79  10:04  Zealot x4  
Show
View Real Time Build Order
Export as new Build Order

llllllllllll Zerg - Winner!

Build Orders: Hatch First 

Get SALT Encoding   

  12  0:00  Drone  
  13  0:08  Drone  
  14  0:18  Overlord  
  14  0:23  Extractor  
  14  0:24  Drone  
  15  0:36  Drone x2  
  17  0:55  Drone  
  17  0:56  Hatchery  
  17  0:59  Drone  
  18  1:09  Extractor  
  17  1:14  Spawning Pool  
  17  1:17  Drone  
  17  1:20  Drone  
  18  1:27  Drone  
  19  1:39  Overlord  
  19  1:49  Drone  
  20  1:58  Drone  
  21  2:02  Queen  
  21  2:07  Queen  
  21  2:08  Drone  
  26  2:10  Zergling x2  
  26  2:11  Metabolic Boost  
  27  2:19  Drone  
  27  2:20  Drone  
  29  2:30  Drone  
  29  2:33  Drone  
  31  2:41  Drone  
  31  2:42  Drone  
  33  2:44  Hatchery  
  33  2:50  Drone  
  33  2:52  Queen  
  33  2:58  Overlord  
  35  3:02  Zergling x2  
  36  3:17  Zergling x2  
  36  3:18  Zergling x14  
  43  3:37  Overlord  
  43  3:41  Drone  
  43  3:48  Overlord x2  
  44  3:54  Spore Crawler x2  
  42  3:59  Drone  
  43  4:04  Drone x6  
  43  4:06  Spore Crawler, Drone  
  43  4:08  Drone  
  49  4:11  Hatchery, Drone  
  49  4:14  Drone  
  49  4:22  Drone x3  
  50  4:26  Drone x3  
  53  4:35  Drone x5  
  53  4:37  Drone  
  59  4:43  Drone x3  
  62  4:49  Roach Warren  
  62  4:51  Overlord  
  61  4:53  Drone x3  
  61  4:54  Drone  
  61  4:59  Drone x3  
  68  5:05  Lair  
  68  5:08  Drone, Roach Warren  
  68  5:09  Extractor  
  68  5:10  Overlord  
  68  5:13  Drone x3  
  68  5:14  Drone  
  71  5:20  Drone x4  
  75  5:22  Drone  
  75  5:23  Extractor  
  75  5:26  Queen  
  75  5:27  Extractor  
  76  5:29  Drone x4, Extractor  
  78  5:36  Extractor  
  78  5:38  Drone  
  78  5:40  Drone x5  
  83  5:43  Overlord  
  83  5:44  Drone  
  83  5:46  Drone  
  83  5:47  Drone x2  
  87  5:51  Evolution Chamber  
  86  5:59  Overlord x4  
  88  6:06  Hydralisk Den, Roach x4  
  90  6:19  Zerg Missile Weapons Level 1  
  90  6:24  Zergling x22  
  101  6:26  Overseer  
  101  6:28  Ravager  
  101  6:29  Ravager x3  
  101  6:31  Spore Crawler  
  101  6:32  Extractor  
  103  6:34  Extractor  
  103  6:36  Muscular Augments  
  103  6:39  Overlord x2  
  102  6:41  Drone x11  
  112  6:51  Hydralisk x4  
  112  6:52  Hydralisk  
  121  6:58  Hydralisk x2  
  125  7:08  Drone  
  125  7:09  Drone x4  
  125  7:10  Overlord x2  
  130  7:15  Glial Reconstitution  
  130  7:18  Overlord  
  130  7:20  Drone x3  
  130  7:21  Drone x2  
  135  7:23  Hydralisk x3  
  135  7:29  Hydralisk  
  139  7:30  Hydralisk x2  
  139  7:33  Hydralisk x2  
  144  7:40  Drone x3  
  145  7:47  Hydralisk x6  
  145  7:50  Roach x2  
  156  8:03  Roach x5  
  156  8:05  Lurker Den  
  166  8:20  Overlord  
  166  8:21  Overlord x3  
  166  8:22  Hatchery  
  161  8:28  Roach x3  
  167  8:34  Roach  
  143  8:42  Roach  
  143  8:43  Roach x14  
  143  8:45  Overseer  
  143  8:47  Roach x2  
  160  8:54  Hydralisk x3  
  159  9:00  Hydralisk x3  
  146  9:12  Hydralisk  
  146  9:13  Hydralisk x4  
  155  9:20  Hydralisk  
  152  9:25  Hydralisk x4  
  152  9:28  Ravager x2  
  152  9:29  Ravager x3  
  152  9:30  Ravager  
  161  9:33  Queen  
  162  9:41  Lurker x2  
  162  9:44  Roach x4  
  172  9:52  Roach  
  161  9:53  Roach x2  
Tags
 
Add a new tag
Caveats
  • Supply blocks, unpowered buildings, or Contaminate may cause inaccurate times.
  • Supply counts are checked every 10 seconds.